[Event "Late-Titled-Tuesday-Blitz-September-12-2023"]
[Site "Chess.com"]
[Date "2023.09.12"]
[Round "1"]
[White "The_Straightforward_Rook"]
[Black "younix2022"]
[Result "1-0"]
[WhiteElo "2523"]
[BlackElo "2060"]
[TimeControl "180+1"]
[EndTime "14:05:11 PDT"]
[Termination "The_Straightforward_Rook won by checkmate"]

1. d4 Nf6 2. c4 c5 3. d5 b5 4. cxb5 a6 5. e3 Qb6 6. Nc3 axb5 7. Bxb5 g6 8. a4 Bg7 9. Nf3 Na6 10. O-O Nb4 11. e4 O-O 12. Nd2 d6 13. Nc4 Qc7 14. h3 h5 15. Ra3 Nd7 16. Kh1 Nb6 17. f4 Bd7 18. Nxb6 Bxb5 19. Nxa8 Rxa8 20. Nxb5 Qd7 21. Nc3 f5 22. Qe2 Rf8 23. a5 Bd4 24. a6 fxe4 25.
Qxe4 Kg7 26. a7 Ra8 27. f5 Rxa7 28. Rxa7 Qxa7 29. fxg6 Bf6 30. Qe6 Kxg6 31. Ne4 Qa6 32. Rxf6+ exf6 33. Qxf6+ Kh7 34. Ng5+ Kg8 35. Qf7+ Kh8 36.
Qh7# 1-0

[Event "Late-Titled-Tuesday-Blitz-September-12-2023"]
[Site "Chess.com"]
[Date "2023.09.12"]
[Round "1"]
[White "GMForgacs"]
[Black "Cayse"]
[Result "1-0"]
[WhiteElo "2461"]
[BlackElo "2830"]
[TimeControl "180+1"]
[EndTime "14:05:12 PDT"]
[Termination "GMForgacs won on time"]

1. e4 e5 2. Nf3 Nc6 3. Bb5 a6 4.
Ba4 Nf6 5. O-O Be7 6. Re1 b5 7. Bb3 O-O 8. a4 b4 9. d3 d6 10.
Nbd2 Na5 11. Ba2 c5 12. Nc4 Rb8 13. Nxa5 Qxa5 14. Bb3 h6 15. h3 Be6 16. Be3 Qc7 17.
Nd2 d5 18. exd5 Nxd5 19. Nc4 Bf6 20. Qf3 Rbd8 21. Rad1 Rfe8 22. Qg3 Nf4 23. Bc1 1-0

[Event "Late-Titled-Tuesday-Blitz-September-12-2023"]
[Site "Chess.com"]
[Date "2023.09.12"]
[Round "1"]
[White "Alex_Banzea"]
[Black "jinxy2009"]
[Result "1-0"]
[WhiteElo "2640"]
[BlackElo "2335"]
[TimeControl "180+1"]
[EndTime "14:05:13 PDT"]
[Termination "Alex_Banzea won by resignation"]

1. d4 Nf6 2. Nc3 d5 3. Bf4 c5 4. e3 cxd4 5. exd4 Bg4 6. f3 Bd7 7. Bd3 Nc6 8. Nge2 Nb4 9. a3 Nxd3+ 10. Qxd3 e6 11. h4 Be7 12. h5 h6 13. g4 Qb6 14.
O-O-O Bd6 15. Qe3 O-O-O 16. Bxd6 Qxd6 17. Nf4 Kb8 18. Nd3 b6 19. Ne5 Rhf8 20. Ne2 Rc8 21. Nf4 Bb5 22. Kb1 Kb7 23. Rd2 Nd7 24. Nfd3 Bxd3 25.
Nxd3 a6 26. b3 Rc7 27. Kb2 Rfc8 28. Qf4 Qxf4 29. Nxf4 a5 30. a4 Nb8 31. Nd3 Nc6 32. c3 Ka6 33. Rc1 Nd8 34. Re2 Rc6 35. Ne5 R6c7 36.
f4 Kb7 37. Nd3 Nc6 38. g5 hxg5 39. fxg5 Rh8 40. Rh1 Ne7 41. Ne5 Nf5 42. g6 Ng3 43.
Nxf7 Rxf7 44. gxf7 Nxe2 45. Re1 Ng3 46. Rxe6 Nxh5 47.
Re8 1-0

[Event "Late-Titled-Tuesday-Blitz-September-12-2023"]
[Site "Chess.com"]
[Date "2023.09.12"]
[Round "1"]
[White "MarcoRiehle"]
[Black "gunslinger222"]
[Result "1-0"]
[WhiteElo "2767"]
[BlackElo "2422"]
[TimeControl "180+1"]
[EndTime "14:05:17 PDT"]
[Termination "MarcoRiehle won by resignation"]

1. e4 e6 2. c4 c5 3. Nf3 Nc6 4.
Nc3 d6 5. d4 cxd4 6. Nxd4 Nxd4 7.
Qxd4 Ne7 8. Be3 Nc6 9. Qd2 Be7 10. Be2 O-O 11. O-O b6 12. Rfd1 Bb7 13. Rac1 a6 14.
f3 Rc8 15. Bf1 Qc7 16. Qf2 Bd8 17. Nd5 exd5 18. cxd5 Qd7 19. dxc6 Rxc6 20. Rxc6 Qxc6 21.
Rc1 Qa4 22. b3 Qb4 23. Qd2 Qxd2 24. Bxd2 b5 25. Be3 d5 26. e5 Re8 27. Bd4 f6 28. exf6 Bxf6 29. Bxf6 gxf6 30. Kf2 Kf7 31.
Bd3 h6 32. Rc7+ Re7 33. Bg6+ Ke6 34. Bf5+ Kf7 35. Rxe7+ Kxe7 36. Ke3 Kd6 37. Kd4 Bc6 38. b4 Be8 39. Bc8 Bc6 40. g4 Kc7 41. Bf5 Kd6 42. h4 Be8 43. Bc8 Bc6 44. Bxa6 Kc7 45. Kc5 Bb7 46. Bxb7 1-0

[Event "Late-Titled-Tuesday-Blitz-September-12-2023"]
[Site "Chess.com"]
[Date "2023.09.12"]
[Round "1"]
[White "Atanejhad"]
[Black "m_ezat"]
[Result "1-0"]
[WhiteElo "2414"]
[BlackElo "2659"]
[TimeControl "180+1"]
[EndTime "14:05:17 PDT"]
[Termination "Atanejhad won on time"]

1. d4 Nf6 2. c4 g6 3. Nc3 Bg7 4. e4 d6 5. f3 O-O 6. Be3 Nc6 7.
Nge2 a6 8. Qd2 Rb8 9. Rc1 Bd7 10.
h4 h5 11. Bh6 b5 12. cxb5 axb5 13. Bxg7 Kxg7 14. Nd5 e6 15. Ne3 Ne7 16. g3 c6 17.
Bg2 Qb6 18. O-O c5 19. dxc5 dxc5 20. Kh2 Rbd8 21. b3 Bc6 22. Qc3 1-0

[Event "Late-Titled-Tuesday-Blitz-September-12-2023"]
[Site "Chess.com"]
[Date "2023.09.12"]
[Round "1"]
[White "ferdipy"]
[Black "becemix"]
[Result "1-0"]
[WhiteElo "2273"]
[BlackElo "2534"]
[TimeControl "180+1"]
[EndTime "14:05:19 PDT"]
[Termination "ferdipy won by resignation"]

1. e4 e6 2. d4 d5 3. Nc3 Bb4 4. e5 c5 5. a3 Bxc3+ 6. bxc3 Qc7 7. Qg4 f5 8. Qg3 Nc6 9. Ne2 Nge7 10. Qxg7 Rg8 11.
Qxh7 Bd7 12. Qh4 cxd4 13. cxd4 O-O-O 14. c3 Na5 15. Qxe7 Nc4 16. Qc5 Bc6 17. Nf4 Rde8 18. Bxc4 dxc4 19. Qxc4 Kb8 20. Nxe6 Qd7 21. Nf4 Rc8 22.
Qe6 Qh7 23. d5 Bb5 24. Qd6+ Ka8 25. Qb4 a6 26. a4 Rc4 27. Qb3 Rxf4 28. Bxf4 1-0

[Event "Late-Titled-Tuesday-Blitz-September-12-2023"]
[Site "Chess.com"]
[Date "2023.09.12"]
[Round "1"]
[White "crazy_but_lazy"]
[Black "Garmendiarov"]
[Result "1-0"]
[WhiteElo "2642"]
[BlackElo "2339"]
[TimeControl "180+1"]
[EndTime "14:05:20 PDT"]
[Termination "crazy_but_lazy won by resignation"]

1. Nf3 Nf6 2. c4 c5 3. g3 g6 4.
Bg2 Bg7 5. O-O O-O 6. d4 d5 7. dxc5 dxc4 8. Nfd2 Na6 9. c6 bxc6 10. Nxc4 Nd5 11.
Nba3 Be6 12. Bd2 Rb8 13. Qa4 Nc5 14. Qc2 Qc7 15. Rac1 Nb4 16. Qb1 Bd5 17. e4 Bxc4 18.
Rxc4 Ne6 19. Rxb4 Rxb4 20. Bxb4 Rb8 21. Qe1 Bxb2 22. Nc4 Bd4 23. Bc3 Bc5 24. Be5 Bd6 25. Nxd6 exd6 26. Ba1 Nc5 27. Qc3 1-0

[Event "Late-Titled-Tuesday-Blitz-September-12-2023"]
[Site "Chess.com"]
[Date "2023.09.12"]
[Round "1"]
[White "SHIVACalypso"]
[Black "Bauman_Guy"]
[Result "0-1"]
[WhiteElo "2463"]
[BlackElo "2912"]
[TimeControl "180+1"]
[EndTime "14:05:22 PDT"]
[Termination "Bauman_Guy won by resignation"]

1. Nf3 d5 2. c4 c6 3. g3 Nf6 4.
Bg2 Bg4 5. O-O Nbd7 6. d4 e6 7. Nc3 Bd6 8. h3 Bh5 9. g4 Bg6 10. Nh4 O-O 11. Nxg6 hxg6 12. e4 dxe4 13. Nxe4 Nxe4 14. Bxe4 Qc7 15. Be3 Nf6 16. Bf3 Bf4 17. Qc2 Rfd8 18. Rad1 Rd7 19. Rfe1 Rad8 20. Kg2 g5 21.
Bxf4 Qxf4 22. d5 cxd5 23. cxd5 Nxd5 24. Bxd5 Rxd5 25. Rxd5 Rxd5 26. Qc8+ Kh7 27. Qxb7 a5 28. Qb3 Rd2 29. Qf3 Rxb2 30. Qxf4 gxf4 31. Re4 Rb4 32.
Kf3 g5 33. a3 Rb3+ 34. Kg2 Rxa3 35. Re5 Kg6 36. Rb5 f6 37. Rb8 e5 38. Rg8+ Kf7 39. Ra8 Ra2 40. Ra7+ Kg6 41. Kf3 Ra3+ 42. Kg2 e4 43. h4 gxh4 44. Re7 e3 45. fxe3 Rxe3 46. Ra7 Ra3 47. Rc7 a4 48. Rc5 Rg3+ 0-1

[Event "Late-Titled-Tuesday-Blitz-September-12-2023"]
[Site "Chess.com"]
[Date "2023.09.12"]
[Round "1"]
[White "SilverCityIndigo"]
[Black "Maksimus1998"]
[Result "0-1"]
[WhiteElo "2272"]
[BlackElo "2565"]
[TimeControl "180+1"]
[EndTime "14:05:27 PDT"]
[Termination "Maksimus1998 won by resignation"]

1. d4 Nf6 2. c4 b6 3. Nf3 Bb7 4. Nc3 g6 5. g3 Bg7 6. Bg2 O-O 7. O-O Ne4 8. Qc2 Nxc3 9. bxc3 e6 10. e4 d6 11. h4 c5 12. h5 Nc6 13. Bg5 Qc7 14. d5 exd5 15. cxd5 Ne5 16. Nxe5 Bxe5 17. f4 Bg7 18. h6 Bh8 19. f5 Rae8 20. f6 Re5 21.
Qd2 Ba6 22. Rf2 Qd8 23. Qf4 Rfe8 24. Re1 Bd3 25. Re3 c4 26. Bf1 Bxf1 27. Rxf1 b5 28.
g4 Qb6 29. Rf2 a5 30. Bh4 b4 31. g5 bxc3 32. Rxc3 Rxe4 33. Qg3 Qd4 34. Rf3 Rg4 35. Kg2 Rxg3+ 36. Bxg3 c3 37. Bxd6 Rc8 38. Re2 c2 39. Rfe3 Qxe3 40. Rxe3 c1=Q 41. Bc5 Qxc5 0-1

[Event "Late-Titled-Tuesday-Blitz-September-12-2023"]
[Site "Chess.com"]
[Date "2023.09.12"]
[Round "1"]
[White "MikaelyanArman"]
[Black "gmpeter008"]
[Result "1-0"]
[WhiteElo "2925"]
[BlackElo "2467"]
[TimeControl "180+1"]
[EndTime "14:05:28 PDT"]
[Termination "MikaelyanArman won by resignation"]

1. d4 Nf6 2. Nf3 d5 3. c4 e6 4. Nc3 Be7 5. Bf4 O-O 6. e3 b6 7.
Bd3 Bb7 8. O-O Nbd7 9. cxd5 exd5 10. Ne5 c5 11. Qf3 a6 12. Rad1 b5 13. Qh3 g6 14. dxc5 Nxc5 15. Bb1 Ne6 16. Bh6 d4 17. Bxf8 Qxf8 18. Ne2 Ng5 19. Qg3 Nh5 20. Qg4 dxe3 21.
fxe3 f6 22. Bxg6 Qh6 1-0

[Event "Late-Titled-Tuesday-Blitz-September-12-2023"]
[Site "Chess.com"]
[Date "2023.09.12"]
[Round "1"]
[White "Schwindle"]
[Black "mbojan"]
[Result "1-0"]
[WhiteElo "2445"]
[BlackElo "2774"]
[TimeControl "180+1"]
[EndTime "14:05:29 PDT"]
[Termination "Schwindle won by checkmate"]

1. e4 g6 2. d4 Nf6 3. Nc3 d5 4. e5 Ne4 5. Nxe4 dxe4 6. Be3 Bg7 7. Qd2 c5 8. c3 Nc6 9. O-O-O cxd4 10. cxd4 O-O 11.
Kb1 Bg4 12. Be2 Qd7 13. h3 Bxe2 14. Nxe2 Rfd8 15. a3 f5 16. f4 e6 17. g4 Ne7 18.
Nc3 Nd5 19. Nxd5 Qxd5 20. gxf5 gxf5 21. Rhg1 Kh8 22. Qb4 Bf8 23. Qd2 Be7 24. Rc1 Rac8 25. Rxc8 Rxc8 26. Qg2 Bf6 27. exf6 Qd7 28. d5 exd5 29. f7 Qxf7 30. Bd4+ Qf6 31. Bxf6# 1-0

[Event "Late-Titled-Tuesday-Blitz-September-12-2023"]
[Site "Chess.com"]
[Date "2023.09.12"]
[Round "1"]
[White "stasOR4ik"]
[Black "Arystanner"]
[Result "0-1"]
[WhiteElo "2434"]
[BlackElo "2820"]
[TimeControl "180+1"]
[EndTime "14:05:30 PDT"]
[Termination "Arystanner won by checkmate"]

1. c4 Nf6 2. Nc3 g6 3. g3 d6 4.
Bg2 Bg7 5. e4 O-O 6. Nge2 c5 7.
O-O Nc6 8. a3 a5 9. Rb1 Ne8 10. d3 Nc7 11. Bd2 Ne6 12. Nd5 Ned4 13. Nxd4 Nxd4 14. b4 axb4 15. axb4 e6 16. Nf4 Ra2 17.
bxc5 dxc5 18. Bc3 Qc7 19. h4 Bd7 20. Bxd4 Bxd4 21. Qb3 Ra7 22. Qb6 Qxb6 23. Rxb6 Bc6 24. Ne2 Bg7 25. f4 Ra2 26. Rf2 Rd8 27. e5 Rxd3 28.
Bxc6 bxc6 29. Rxc6 Rdd2 30. Kf1 Bf8 31. Rc7 h5 32.
Rb7 Rac2 33. Ke1 Ra2 34. Rg2 Rdc2 35. g4 hxg4 36. Kf1 g3 37. Ke1 Ra1+ 38. Nc1 Raxc1# 0-1

[Event "Late-Titled-Tuesday-Blitz-September-12-2023"]
[Site "Chess.com"]
[Date "2023.09.12"]
[Round "1"]
[White "only_strong_moves"]
[Black "DanielNaroditsky"]
[Result "0-1"]
[WhiteElo "2505"]
[BlackElo "3079"]
[TimeControl "180+1"]
[EndTime "14:05:31 PDT"]
[Termination "DanielNaroditsky won on time"]

1. e4 d6 2. d4 Nc6 3. d5 Nb8 4. c4 Nf6 5. Nc3 g6 6. Be2 Bg7 7. Nf3 O-O 8. O-O c6 9. Nd2 a5 10. Qc2 Na6 11. a3 Nc5 12. Nb3 Nxb3 13. Qxb3 e6 14. Be3 exd5 15. cxd5 Re8 16. Bc4 b5 17.
Bd3 a4 18. Qc2 cxd5 19. Bxb5 Bd7 20. Bxd7 Qxd7 21. exd5 Ng4 22. Bf4 Ne5 23. Ra2 Nc4 24. b4 axb3 25. Qxb3 Rec8 26. Nb5 Qf5 27. Qf3 Qd7 28.
a4 Rc5 29. Re2 Rxa4 30. Nc3 Ra3 0-1

[Event "Late-Titled-Tuesday-Blitz-September-12-2023"]
[Site "Chess.com"]
[Date "2023.09.12"]
[Round "1"]
[White "bazar-wokzal"]
[Black "KamlaPasand"]
[Result "0-1"]
[WhiteElo "2564"]
[BlackElo "2297"]
[TimeControl "180+1"]
[EndTime "14:05:31 PDT"]
[Termination "KamlaPasand won by checkmate"]

1. e4 e5 2. Bc4 Nf6 3. d3 c6 4.
Nf3 d5 5. Bb3 Nbd7 6. Nc3 dxe4 7.
Ng5 Nd5 8. dxe4 Nxc3 9. bxc3 Qa5 10. Bxf7+ Ke7 11. Bb3 Nf6 12. O-O Bg4 13. f3 Rd8 14.
Qe2 Bc8 15. Nf7 Qxc3 16. Nxh8 Ke8 17. Bg5 Bc5+ 18. Kh1 Ke7 19. Nf7 Rf8 20. Bd2 Qd4 21. c3 Qd7 22. Nxe5 Qc7 23. Nd3 Bb6 24. c4 Nh5 25. Bg5+ Ke8 26. c5 Ng3+ 27. hxg3 Qxg3 28.
Qe3 Bc7 29. e5 Rf5 30. Qf2 Qxg5 31. f4 Qh6+ 32. Kg1 Rh5 33. Qg3 g5 34. f5 g4 35. f6 Rh1+ 36. Kf2 Qd2# 0-1

[Event "Late-Titled-Tuesday-Blitz-September-12-2023"]
[Site "Chess.com"]
[Date "2023.09.12"]
[Round "1"]
[White "ilya2700"]
[Black "2k28Lakers"]
[Result "1-0"]
[WhiteElo "2279"]
[BlackElo "2541"]
[TimeControl "180+1"]
[EndTime "14:05:32 PDT"]
[Termination "ilya2700 won by resignation"]

1. c4 c6 2. d4 d5 3. Nc3 e6 4. e3 Nf6 5. Nf3 Nbd7 6. Qc2 Bd6 7.
b3 O-O 8. Be2 b6 9. Bb2 Bb7 10.
O-O Qe7 11. Rad1 Rac8 12. Qb1 dxc4 13. bxc4 c5 14. d5 exd5 15. cxd5 a6 16. a4 Ne5 17. Nh4 Neg4 18. g3 Nxe3 19. fxe3 Qxe3+ 20. Rf2 Be5 21. Nf5 Qg5 22. h4 Qg6 23. Ne7+ Kh8 24. Nxg6+ hxg6 25. Kh2 Rcd8 26. Bf3 Bc8 27. Ne4 Bxb2 28. Qxb2 Nxd5 29. Rfd2 Bb7 30. Ng5 c4 31. Bxd5 c3 32. Qxc3 1-0

[Event "Late-Titled-Tuesday-Blitz-September-12-2023"]
[Site "Chess.com"]
[Date "2023.09.12"]
[Round "1"]
[White "Alexei_Gubajdullin"]
[Black "CFalcons8"]
[Result "1-0"]
[WhiteElo "2604"]
[BlackElo "2302"]
[TimeControl "180+1"]
[EndTime "14:05:33 PDT"]
[Termination "Alexei_Gubajdullin won on time"]

1. d4 Nf6 2. Nf3 e6 3. Bf4 d5 4. e3 c5 5. Nbd2 Nc6 6. c3 cxd4 7. exd4 Nh5 8. Bg5 f6 9. Be3 Bd6 10. g3 O-O 11. Bg2 g6 12. O-O Ne7 13. Nb3 b6 14. Re1 Re8 15. Nc1 Bb7 16. Nd3 Rc8 17. Bd2 Ng7 18. Bf4 g5 19. Bxd6 Qxd6 20. h4 h6 21. hxg5 hxg5 22. Nh2 Ng6 23. Ng4 Rf8 24. Qd2 Nf5 25. Re2 Kg7 26. Rae1 Rce8 27. Bh3 Bc8 28. Ne3 Nxe3 29. Rxe3 f5 30. Ne5 g4 31. Bg2 Nxe5 32.
Rxe5 Qe7 33. Bxd5 Qf6 34. Bg2 1-0

[Event "Late-Titled-Tuesday-Blitz-September-12-2023"]
[Site "Chess.com"]
[Date "2023.09.12"]
[Round "1"]
[White "Keaton87"]
[Black "YellowJacek"]
[Result "1-0"]
[WhiteElo "2627"]
[BlackElo "2321"]
[TimeControl "180+1"]
[EndTime "14:05:40 PDT"]
[Termination "Keaton87 won by resignation"]

1. e4 e5 2. Ke2 Nf6 3. d3 Nc6 4. c3 d5 5. Nd2 Bg4+ 6. f3 Be6 7.
g3 Bc5 8. Bg2 Qd7 9. Kf1 O-O-O 10.
Ne2 dxe4 11. dxe4 h5 12. Qc2 h4 13. gxh4 Rxh4 14. Nb3 Bb6 15. Bg5 Rh5 16. h4 Rdh8 17. Ng3 R5h7 18. Rd1 Bc4+ 19. Ke1 Qe7 20. Nf5 Qf8 21.
Bf1 Be6 22. Bb5 Nh5 23. Bxc6 bxc6 24. Qd3 f6 25. Be3 Nf4 26. Qa6+ Kb8 27. Na5 Bc8 28. Nxc6+ Ka8 29. Qb5 Ng2+ 30. Ke2 Nxe3 31. Nxe3 Rxh4 32. Rxh4 Rxh4 33. Rd8 Rh2+ 34. Kd3 Qxd8+ 35. Nxd8 1-0

[Event "Late-Titled-Tuesday-Blitz-September-12-2023"]
[Site "Chess.com"]
[Date "2023.09.12"]
[Round "1"]
[White "artin10862"]
[Black "Ruchess27"]
[Result "1-0"]
[WhiteElo "2962"]
[BlackElo "2471"]
[TimeControl "180+1"]
[EndTime "14:05:41 PDT"]
[Termination "artin10862 won by resignation"]

1. e4 e5 2. Nf3 Nc6 3. Bc4 Nf6 4. d3 Be7 5. O-O d6 6. c3 O-O 7. Bb3 Be6 8. Bxe6 fxe6 9. Qb3 Qc8 10. Re1 Nh5 11. Nbd2 Nf4 12. Qc2 Qe8 13. Nf1 Qg6 14. Ng3 h5 15. Bxf4 Rxf4 16. Kh1 Raf8 17. Nf1 h4 18. h3 Qh5 19. N1h2 Nd8 20. d4 exd4 21. cxd4 c6 22. Rad1 Nf7 23. Rd3 Ng5 24.
Nxg5 Rxf2 25. Qb3 Qxg5 26. Qxe6+ Kh8 27. Rg1 Rxb2 28. Nf3 Qf6 29. Qg4 Rxa2 30. e5 Qf4 31. Qe6 d5 32. Qxe7 Qe4 33. Qxf8+ 1-0

[Event "Late-Titled-Tuesday-Blitz-September-12-2023"]
[Site "Chess.com"]
[Date "2023.09.12"]
[Round "1"]
[White "IngOscarArdila"]
[Black "TatjanaVasilevich"]
[Result "0-1"]
[WhiteElo "2290"]
[BlackElo "2598"]
[TimeControl "180+1"]
[EndTime "14:05:45 PDT"]
[Termination "TatjanaVasilevich won on time"]

1. d4 Nf6 2. c4 e6 3. Nc3 Bb4 4. Bd2 O-O 5. Nf3 d5 6. e3 dxc4 7. Bxc4 a6 8. O-O b5 9. Bd3 Bb7 10. Qe2 Nbd7 11. Rfc1 Qe7 12. a3 Ba5 13. h3 Bb6 14. a4 b4 15. Na2 a5 16. Bb5 c5 17.
dxc5 Nxc5 18. Rab1 Be4 19. Ne5 Bxb1 20. Rxb1 Bc7 21. Nc4 Nd5 22. Rd1 Rfd8 23. Nc1 Nb6 24. Nxb6 Bxb6 25. Be1 Rxd1 26. Qxd1 Rd8 27. Qe2 Qd6 28.
Qf1 Qd1 29. Ne2 Nxa4 30. Bxa4 Qxa4 31. f3 Bxe3+ 32. Kh2 Qd1 33. Ng3 a4 34. Ne4 a3 35.
bxa3 bxa3 36. Qa6 Qxe1 37. Qxa3 Bg1+ 38. Kh1 Bf2+ 0-1

[Event "Late-Titled-Tuesday-Blitz-September-12-2023"]
[Site "Chess.com"]
[Date "2023.09.12"]
[Round "1"]
[White "kacprekt"]
[Black "LevonAronian"]
[Result "0-1"]
[WhiteElo "2501"]
[BlackElo "3065"]
[TimeControl "180+1"]
[EndTime "14:05:49 PDT"]
[Termination "LevonAronian won by resignation"]

1. d4 Nf6 2. c4 g6 3. Nc3 Bg7 4. e4 O-O 5. Nf3 d6 6. Be2 e5 7. dxe5 dxe5 8. Qxd8 Rxd8 9. Bg5 Na6 10. Nxe5 Re8 11.
f4 Nc5 12. Bf3 Ne6 13. Bxf6 Bxf6 14. Nd3 Nd4 15. O-O-O c6 16. e5 Be7 17. Ne4 Bf5 18.
c5 Bxe4 19. Bxe4 Ne6 20. b4 Red8 21. g3 Rd4 22. Rhe1 a5 23. b5 cxb5 24. Bxb7 Rad8 25. Nb2 Bxc5 26. Rxd4 Bxd4 27. Ba6 Nc5 28. Bxb5 Rb8 29. a4 Bxb2+ 30. Kxb2 Nd3+ 0-1

[Event "Late-Titled-Tuesday-Blitz-September-12-2023"]
[Site "Chess.com"]
[Date "2023.09.12"]
[Round "1"]
[White "Alphafischer2019"]
[Black "WilliamAlfaroCaracas"]
[Result "1-0"]
[WhiteElo "2564"]
[BlackElo "2269"]
[TimeControl "180+1"]
[EndTime "14:05:49 PDT"]
[Termination "Alphafischer2019 won on time"]

1. Nf3 g6 2. e4 Bg7 3. d4 c5 4. dxc5 Qa5+ 5. Bd2 Qxc5 6. Bc3 Nf6 7. Nbd2 O-O 8. Bd3 Nc6 9. O-O d6 10. h3 a6 11. Re1 b5 12. a3 Nd7 13. Nb3 Qb6 14. Bxg7 Kxg7 15. h4 h5 16. Qd2 Nce5 17. Nbd4 Nxd3 18.
cxd3 Ne5 19. b4 Bg4 20. Qb2 Kg8 21. Nxe5 dxe5 22. Nb3 Qd6 23. Nc5 Qd4 24. Qxd4 exd4 25. Rec1 Rfc8 26. f3 Be6 27. Kf2 Kg7 28. Kg3 Rc6 29.
Kf4 Bc8 30. Ke5 f6+ 31. Kxd4 Ra7 32. Ke3 Rac7 33. d4 e5 34. d5 Rd6 35. Ne6+ 1-0

[Event "Late-Titled-Tuesday-Blitz-September-12-2023"]
[Site "Chess.com"]
[Date "2023.09.12"]
[Round "1"]
[White "Dr_crypt"]
[Black "kingofthenil"]
[Result "0-1"]
[WhiteElo "2428"]
[BlackElo "2787"]
[TimeControl "180+1"]
[EndTime "14:05:50 PDT"]
[Termination "kingofthenil won by resignation"]

1. d4 Nf6 2. Nf3 g6 3. c4 Bg7 4.
Nc3 d5 5. Bg5 O-O 6. Bxf6 Bxf6 7. cxd5 c6 8. e3 cxd5 9. Bd3 Bg4 10. h3 Bxf3 11. Qxf3 e6 12. O-O Nc6 13. Rfd1 Rc8 14. Rac1 Kg7 15. a3 Na5 16. Na4 b6 17. Ba6 Rxc1 18. Rxc1 Qd7 19. Qd1 Rd8 20. b4 Nc4 21. Bxc4 dxc4 22. Rxc4 e5 23. d5 Qb5 24. Rc7 Rxd5 25. Qc2 Qd3 26. Qxd3 Rxd3 27. Nc3 e4 28. Nxe4 Rd1+ 29. Kh2 Be5+ 0-1

[Event "Late-Titled-Tuesday-Blitz-September-12-2023"]
[Site "Chess.com"]
[Date "2023.09.12"]
[Round "1"]
[White "wadsy27"]
[Black "PapaieDudu"]
[Result "1-0"]
[WhiteElo "2603"]
[BlackElo "2297"]
[TimeControl "180+1"]
[EndTime "14:05:52 PDT"]
[Termination "wadsy27 won by resignation"]

1. Nf3 d5 2. g3 Nf6 3. Bg2 e6 4.
O-O Be7 5. c4 O-O 6. b3 b6 7.
Bb2 Bb7 8. d4 Nbd7 9. Nc3 Re8 10. Rc1 Ne4 11. Nxe4 dxe4 12. Nd2 Nf6 13. e3 Qd7 14.
Qc2 Qc6 15. f3 a5 16. fxe4 Qd7 17. e5 Bxg2 18. Kxg2 Ng4 19. Qe4 f5 20. exf6 Nxf6 21. Qd3 Rad8 22. Ne4 Ng4 23. Qe2 e5 24. d5 a4 25. h3 Nh6 26. Qh5 axb3 27. axb3 Bf8 28. Qxh6 gxh6 29. Nf6+ Kg7 30. Nxd7 Rxd7 31. Rf5 Bd6 32.
Ra1 c6 33. dxc6 Rc7 34. Rd1 Re6 35. Rxd6 Rxd6 36. Bxe5+ Kg6 37. Bxd6 Rxc6 38. Rd5 1-0

[Event "Late-Titled-Tuesday-Blitz-September-12-2023"]
[Site "Chess.com"]
[Date "2023.09.12"]
[Round "1"]
[White "larsmandreassen"]
[Black "reevecanada"]
[Result "0-1"]
[WhiteElo "2209"]
[BlackElo "2535"]
[TimeControl "180+1"]
[EndTime "14:05:53 PDT"]
[Termination "reevecanada won on time"]

1. d4 d5 2. Nf3 Nf6 3. c4 c6 4. Nc3 dxc4 5. e4 b5 6. e5 Nd5 7. a4 b4 8. Ne4 c3 9. Bc4 Ba6 10.
Bxa6 Nxa6 11. e6 fxe6 12. Ne5 c5 13. Qh5+ g6 14. Qf3 Nf6 15. Nxf6+ exf6 16. Qc6+ Ke7 17.
Qxa6 Qb6 18. Qc4 fxe5 19. dxc5 Qc6 20. O-O Kf7 21. bxc3 Qxc5 22. Qxc5 Bxc5 23. cxb4 Bxb4 24. Bb2 Bd6 25. f4 exf4 26. Bxh8 Rxh8 27. g3 g5 28. Rad1 Ke7 29. gxf4 gxf4 30. Kf2 e5 31. Kf3 Ke6 32. Ke4 Rb8 33. Rb1 Rg8 34. Rg1 Rf8 35. Rb7 f3 36.
Rf1 Rf4+ 37. Kd3 e4+ 38. Kd4 Rh4 39. Rb5 a6 40. Rb6 Ke7 41. Re1 f2 42. Rf1 e3+ 0-1

[Event "Late-Titled-Tuesday-Blitz-September-12-2023"]
[Site "Chess.com"]
[Date "2023.09.12"]
[Round "1"]
[White "mishanick"]
[Black "Emp3rador"]
[Result "1-0"]
[WhiteElo "3063"]
[BlackElo "2500"]
[TimeControl "180+1"]
[EndTime "14:05:54 PDT"]
[Termination "mishanick won on time"]

1. d4 d5 2. c4 c6 3. Nf3 Nf6 4. Nc3 dxc4 5. a4 Bf5 6. Ne5 e6 7. e3 Nbd7 8. Nxc4 a5 9. Be2 Bb4 10. O-O O-O 11. Bd2 Qe7 12. Qb3 e5 13. Rfe1 Rfe8 14. Rad1 e4 15. h3 Rab8 16. Na2 Bxd2 17. Rxd2 b6 18. Rc1 Nd5 19. Ne5 Nxe5 20. dxe5 Bd7 21. Nc3 Qxe5 22. Nxd5 cxd5 23. Rxd5 Bxa4 24. Qa2 Qe6 25. Bg4 1-0

[Event "Late-Titled-Tuesday-Blitz-September-12-2023"]
[Site "Chess.com"]
[Date "2023.09.12"]
[Round "1"]
[White "MagnusCarlsen"]
[Black "HajiyevKanan"]
[Result "1-0"]
[WhiteElo "3217"]
[BlackElo "2513"]
[TimeControl "180+1"]
[EndTime "14:05:56 PDT"]
[Termination "MagnusCarlsen won by resignation"]

1. e4 c6 2. d4 d5 3. exd5 cxd5 4.
Bd3 Nc6 5. c3 Qc7 6. h3 Nf6 7.
Nf3 g6 8. O-O Bg7 9. Re1 O-O 10.
Nbd2 Bf5 11. Bf1 Ne4 12. Nb3 Rfe8 13. Be3 h6 14. Qc1 Kh7 15. Bf4 e5 16. dxe5 Nxe5 17. Nbd4 Nxf3+ 18. gxf3 Nd6 19. Nb5 Nxb5 20. Rxe8 Rxe8 21.
Bxc7 Nxc7 22. Qf4 Be5 23. Qb4 Bc8 24. Re1 Bh2+ 25. Kxh2 Rxe1 26. Qc5 Rxf1 27. Qxc7 Be6 28. Kg2 Ra1 29. a3 b5 30. Qxa7 Rb1 31. Qb6 Rxb2 32. a4 Rb3 33. axb5 Rxc3 34. Qa7 Rb3 35. b6 d4 36. b7 Bd5 37. b8=Q Rxb8 38. Qxb8 Be6 39. Qd6 d3 40. Qxd3 h5 41. Qd4 Kh6 42. Qh8+ Kg5 43. h4+ Kf5 44. Kg3 Bd5 45. Qd4 Ke6 46. Kf4 Bc6 47. Qe5+ Kd7 48. Qf6 Bd5 49. Ke5 Be6 50. f4 Kc6 51. f5 gxf5 52. Qh6 Kc5 53. Qxh5 Kc4 54. Qg5 Kd3 55. Qe3+ Kc2 56. h5 1-0

[Event "Late-Titled-Tuesday-Blitz-September-12-2023"]
[Site "Chess.com"]
[Date "2023.09.12"]
[Round "1"]
[White "bascheyaro"]
[Black "Noki102"]
[Result "1-0"]
[WhiteElo "2821"]
[BlackElo "2437"]
[TimeControl "180+1"]
[EndTime "14:05:57 PDT"]
[Termination "bascheyaro won on time"]

1. d4 d5 2. c4 e6 3. Nc3 Nf6 4. Bg5 c6 5. e3 Nbd7 6. Qc2 Qa5 7. Nf3 Ne4 8. cxd5 exd5 9. Bd3 Nxg5 10.
Nxg5 h6 11. Nf3 Be7 12. O-O O-O 13. a3 Nf6 14. Ne5 Be6 15. f4 Rfe8 16. h3 Bd6 17. b4 Qc7 18. Rac1 Rad8 19. Nb5 Qb8 20. Nxd6 Qxd6 21. Qc5 Qxc5 22. bxc5 Bc8 23. a4 Nd7 24.
Kf2 Nxe5 25. fxe5 Re7 26. Ke2 a6 27. Kd2 Rf8 28. Rf3 f6 29. Rcf1 Ref7 30. exf6 Rxf6 31.
Rxf6 gxf6 32. Kc3 Kg7 33. Kb4 Re8 34. Rf3 Re7 35. Ka5 Bd7 36. Kb6 Bc8 37. Rg3+ Kf7 38. Bg6+ Kf8 39. Bh5 1-0

[Event "Late-Titled-Tuesday-Blitz-September-12-2023"]
[Site "Chess.com"]
[Date "2023.09.12"]
[Round "1"]
[White "Truequitos"]
[Black "Nor1lsk"]
[Result "1-0"]
[WhiteElo "2438"]
[BlackElo "2752"]
[TimeControl "180+1"]
[EndTime "14:05:58 PDT"]
[Termination "Truequitos won by resignation"]

1. e4 c5 2. Nc3 a6 3. g3 b5 4. Bg2 Bb7 5. Nh3 Nf6 6. d3 e6 7. O-O b4 8. Ne2 d5 9. e5 Nfd7 10. f4 Nc6 11. Be3 Be7 12. d4 a5 13. c3 Ba6 14.
Rf2 bxc3 15. bxc3 cxd4 16. cxd4 Nb4 17. f5 Nd3 18. fxe6 fxe6 19. Nef4 Nxf4 20. Nxf4 Nf8 21.
Qg4 g6 22. Nxe6 Nxe6 23. Qxe6 Bc4 24. Qc6+ Qd7 25. Qxa8+ Bd8 26. Bg5 1-0